 Dungeon Crawl Stone Soup version 0.22-a0-322-g60b3cfd (webtiles) character file.

7751 grindst0ne the Fiendish (level 11, 0/100 HPs)
             Began as a Deep Dwarf Hunter on Apr 5, 2018.
             Was a Priest of Makhleb.
             Slain by a yak (7 damage)
             ... on level 9 of the Dungeon.
             The game lasted 00:36:01 (8661 turns).

grindst0ne the Fiendish (Deep Dwarf Hunter)         Turns: 8661, Time: 00:36:02

Health: 0/100      AC: 10    Str: 16    XL:     11   Next: 0%
Magic:  15/15      EV: 11    Int: 12    God:    Makhleb [***...]
Gold:   376        SH:  3    Dex: 16    Spells: 8/10 levels left

rFire    + . .     SeeInvis .   b - +8 dagger "Ysoxio" {pain, rF+ rC+}
rCold    + . .     Gourm    .   (no shield)
rNeg     . . .     Faith    .   I - +0 chain mail
rPois    +         Spirit   .   D - +0 helmet
rElec    .         Reflect  +   (no cloak)
rCorr    .         Harm     .   (no gloves)
MR       ++...                  (no boots)
Stlth    ..........             J - +3 amulet of reflection
HPRegen  0.00/turn              M - ring of poison resistance
MPRegen  0.14/turn              j - ring of protection from magic

@: non-regenerating
A: damage resistance, heal wounds, sense surroundings 2, no regeneration
a: Heal Wounds, Minor Destruction, Lesser Servant of Makhleb, Renounce Religion


You were on level 9 of the Dungeon.
You worshipped Makhleb.
Makhleb was most pleased with you.
You were hungry.

You visited 2 branches of the dungeon, and saw 11 of its levels.

You collected 432 gold pieces.
You spent 56 gold pieces at shops.

Inventory:

Hand Weapons
 a - a +1 arbalest
 b - the +8 dagger "Ysoxio" (weapon) {pain, rF+ rC+}
   (You found it on level 4 of the Dungeon)

   In the hands of one skilled in necromantic magic, it inflicts extra damage on
   living creatures.
   It protects you from fire.
   It protects you from cold.
 e - a +0 war axe
 S - a +0 battleaxe
Missiles
 d - 7 bolts
 k - 16 tomahawks (quivered)
 Q - 2 throwing nets
Armour
 c - a +0 leather armour
 v - a +0 chain mail
 D - a +0 helmet (worn)
 I - a +0 chain mail (worn)
Jewellery
 i - an uncursed amulet of harm
 j - a ring of protection from magic (right hand)
 m - an uncursed ring of stealth
 G - a +4 ring of dexterity
 J - a +3 amulet of reflection (around neck)
 M - a ring of poison resistance (left hand)
 N - an uncursed ring of fire
Wands
 u - a wand of polymorph (10)
 y - a wand of digging (20)
 F - a wand of paralysis (1)
 T - a wand of random effects (19)
Scrolls
 g - 7 scrolls of teleportation
 h - 2 scrolls of random uselessness {unknown}
 l - a scroll of remove curse
 p - a scroll of fog {unknown}
 s - a scroll of holy word {unknown}
 t - 4 scrolls of enchant armour {unknown}
 w - a scroll of enchant weapon
 C - a scroll of amnesia
 E - 2 scrolls of magic mapping
 L - 2 scrolls of blinking {unknown}
Potions
 n - 2 potions of brilliance
 o - a potion of might
 q - a potion of ambrosia
 r - a potion of degeneration
 x - a potion of agility
 z - 2 potions of invisibility
 A - a potion of heal wounds
 B - 2 potions of mutation
 H - 2 potions of lignification
 K - 3 potions of curing
Miscellaneous
 O - a lightning rod (3/4)
Comestibles
 f - 16 rations


   Skills:
 + Level 7.0 Fighting
 - Level 7.1 Crossbows
 + Level 4.7 Armour
 - Level 8.0 Dodging
 - Level 1.2 Stealth
 + Level 13.0 Invocations
 + Level 7.2 Evocations


You had 8 spell levels left.
You knew the following spells:

 Your Spells              Type           Power        Failure   Level  Hunger
a - Blink                 Tloc           N/A          100%        2    ###....


Dungeon Overview and Level Annotations

Branches:
Dungeon (10/15)            Temple (1/1) D:5
   Lair: D:8-11         Orc: D:9-12

Altars:
Dithmenos
Elyvilon
Gozag
Hepliaklqana
Kikubaaqudgha
Makhleb
Nemelex Xobeh
Qazlal
Ru
Sif Muna
Trog
Uskayaw
Wu Jian
Xom
Yredelemnul
The Shining One

Shops:
D:4 ?*   D:7 :

Annotations:
D:2 exclusion: 2 downstairs
D:3 Kairos's ghost, amateur HuFi
D:9 exclusion: downstairs
D:10 Erica


Innate Abilities, Weirdness & Mutations

You are resistant to damage.
You can heal yourself by infusing magical energy.
You passively map the area around you.
You do not regenerate.


Message History

* * * LOW HITPOINT WARNING * * *
The iguana misses you.
You closely miss the iguana.
The iguana is almost dead.
The yak gores you but does no damage. You block the iguana's attack.
You hit the iguana but do no damage.
The iguana is almost dead.
The yak gores you but does no damage. You block the iguana's attack.
You hit the iguana but do no damage.
The iguana is almost dead.
The yak gores you!
* * * LOW HITPOINT WARNING * * *
The iguana barely misses you.
You hit the iguana.
You kill the iguana!
Makhleb accepts your kill.
You feel better. The yak gores you but does no damage.
You fail to use your ability.
The yak barely misses you.
You closely miss the yak. The yak gores you!
You die...

#########################
#...........)............
#.........(..............
#........................
#........####...######...
#......Y.# #...# #...
#.......@# #...######...
#.......†# #............
#........# #.......>....
#........####............
#........................
#...........###########'#
#...........#............
#...........#..<..<......
#...........#............


You could see a yak.

Vanquished Creatures
  A two-headed ogre (D:7)
  A manticore (D:7)
  Psyche (D:8)
  A hornet (D:9)
  A troll (D:9)
  3 hippogriffs
  A wyvern (D:9)
  2 yaks
  A human (D:7)
  3 hogs (D:7)
  2 hungry ghosts
  A water moccasin (D:9)
  An ice beast (D:9)
  2 sky beasts (D:8)
  A black bear (D:8)
  9 ogres
  2 phantoms
  6 bullfrogs
  A gnoll sergeant (D:7)
  5 scorpions
  3 wights (D:7)
  6 killer bees
  6 howler monkeys
  3 centaur zombies
  4 crimson imps
  3 hounds
  A centaur skeleton (D:5)
  4 orc priests
  9 orc wizards
  2 bullfrog skeletons
  Jessica (D:2)
  4 iguanas
  7 worker ants
  A killer bee zombie (D:5)
  2 hound zombies (D:9)
  2 howler monkey skeletons
  11 adders
  12 gnolls
  3 shadow imps
  An ooze (D:1)
  An adder skeleton (D:4)
  An adder zombie (D:6)
  3 worms
  2 dart slugs
  5 leopard geckos
  32 orcs
  8 giant cockroaches
  9 goblins
  9 hobgoblins
  8 jackals
  5 quokkas
  A ball python (D:2)
  12 bats
  5 frilled lizards
  A jackal skeleton (D:5)
  4 kobolds
  A leopard gecko skeleton (D:8)
  2 quokka skeletons (D:4)
  8 rats
247 creatures vanquished.

Notes
Turn   | Place    | Note
-------+----------+-------------------------------------------
     0 | D:1      | grindst0ne the Deep Dwarf Hunter began the quest for the Orb.
     0 | D:1      | Reached XP level 1. HP: 19/19 MP: 1/1
    40 | D:1      | Reached XP level 2. HP: 26/26 MP: 2/2
   407 | D:1      | Reached XP level 3. HP: 24/33 MP: 3/3
   964 | D:2      | Noticed Jessica
   968 | D:2      | Killed Jessica
   968 | D:2      | Reached XP level 4. HP: 31/42 MP: 4/4
  1354 | D:2      | Reached XP level 5. HP: 49/49 MP: 5/5
  1526 | D:3      | Noticed Kairos's ghost (amateur HuFi)
  1570 | D:3      | Found a faded altar of an unknown god.
  1687 | D:3      | HP: 2/50 [gnoll/halberd (4)]
  2038 | D:3      | Reached XP level 6. HP: 41/57 MP: 6/6
  2109 | D:3      | Found an ancient bone altar of Kikubaaqudgha.
  2115 | D:3      | Learned a level 2 spell: Blink
  2363 | D:4      | Reached skill level 5 in Crossbows
  2380 | D:4      | Reached skill level 5 in Dodging
  2833 | D:4      | Found Fajarr's Assorted Antiques.
  2841 | D:4      | Bought a scroll labeled VIOFAJ FIYVIO for 28 gold pieces
  2841 | D:4      | Bought a scroll labeled VIOFAJ FIYVIO for 28 gold pieces
  3155 | D:4      | Found Byiheqeu's Magic Scroll Boutique.
  3199 | D:4      | Got a crystal dagger
  3200 | D:4      | Identified the +8 dagger "Ysoxio" {pain, rF+ rC+} (You found it on level 4 of the Dungeon)
  3239 | D:4      | Reached XP level 7. HP: 48/66 MP: 6/6
  3492 | D:5      | Entered Level 5 of the Dungeon
  3497 | D:5      | Found a staircase to the Ecumenical Temple.
  3548 | Temple   | Entered the Ecumenical Temple
  3594 | Temple   | Became a worshipper of Makhleb the Destroyer
  3765 | D:5      | Found a sacrificial altar of Ru.
  3927 | D:5      | Reached skill level 5 in Fighting
  4620 | D:6      | Reached XP level 8. HP: 12/75 MP: 6/6
  4995 | D:6      | Reached skill level 1 in Invocations
  4995 | D:6      | Reached skill level 1 in Evocations
  5209 | D:6      | Reached skill level 2 in Invocations
  5213 | D:6      | Reached * piety under Makhleb
  5472 | D:7      | Reached skill level 3 in Invocations
  5482 | D:7      | Reached skill level 4 in Invocations
  5493 | D:7      | Reached skill level 5 in Invocations
  5493 | D:7      | Reached skill level 5 in Evocations
  5498 | D:7      | HP: 3/75 [hound (2)]
  5500 | D:7      | HP: 1/75 [yak (2)]
  5505 | D:7      | Gained mutation: You passively map the area around you. [Deep Dwarf growth]
  5505 | D:7      | Reached XP level 9. HP: 25/81 MP: 8/10
  5670 | D:7      | Reached skill level 6 in Invocations
  5860 | D:6      | Reached skill level 7 in Invocations
  5989 | D:7      | Reached skill level 8 in Invocations
  6055 | D:7      | Noticed a manticore
  6064 | D:7      | Killed a manticore
  6064 | D:7      | Reached skill level 9 in Invocations
  6084 | D:7      | Reached skill level 10 in Invocations
  6226 | D:7      | Noticed a two-headed ogre
  6237 | D:7      | Killed a two-headed ogre
  6237 | D:7      | Reached skill level 11 in Invocations
  6295 | D:7      | Found Zusech's Book Shoppe.
  6350 | D:7      | Reached XP level 10. HP: 53/88 MP: 14/14
  6364 | D:7      | Reached skill level 12 in Invocations
  6651 | D:8      | Noticed Psyche
  6783 | D:8      | Reached skill level 1 in Armour
  7079 | D:8      | Reached ** piety under Makhleb
  7230 | D:8      | Killed Psyche
  7659 | D:9      | HP: 4/92 [gnoll/spear (3)]
  7895 | D:9      | Found a bloodstained altar of Trog.
  7963 | D:9      | HP: 4/92 [ice beast (12)]
  8375 | D:9      | Reached skill level 13 in Invocations
  8413 | D:9      | Reached *** piety under Makhleb
  8600 | D:10     | Entered Level 10 of the Dungeon
  8600 | D:10     | Noticed Erica
  8626 | D:10     | Reached XP level 11. HP: 40/99 MP: 15/15
  8658 | D:9      | HP: 3/100 [yak (12)]
  8661 | D:9      | Slain by a yak

Vault maps used:
D:1:      minmay_arrival_jagged
D:2:      uniq_jessica
D:3:      marbit_many_paths, chequers_ecumenical_altar_simple
D:4:      serial_shops, shop, kennysheep_little_box
D:5:      minmay_temple_entry_grid, first_ration,
          nicolae_ru_sacrificial_ziggurat
D:6:      kennysheep_dice
D:7:      minmay_the_grid_octo_tiled_squarecenter, serial_shops,
          nicolae_shop_waterfront, grunt_livestock
D:8:      uniq_psyche
D:9:      kennysheep_blocky_room, lemuel_statue_altar
D:10:     hiddenorc2_lemuel, uniq_erica, uniq_urug
Temple:   regret_index_temple_sigil_plot

Skill      XL: |  1  2  3  4  5  6  7  8  9 10 11 |
---------------+----------------------------------+-----
Fighting       | 2 3 4 5 6 7 |  7.0
Dodging        | 3 4 5 6 7 8 |  8.0
Crossbows      | 5 6 7 |  7.1
Invocations    | 5 11 13 | 13.0
Evocations     | 5 6 7 |  7.2
Armour         | 4 |  4.7
Stealth        | |  1.2

Action                   |  1- 3 |  4- 6 |  7- 9 | 10-12 || total
-------------------------+-------+-------+-------+-------++-------
Melee: Short sword       |    17 |       |       |       ||    17
       War axe           |       |    33 |       |       ||    33
       Dagger            |       |       |   307 |   233 ||   540
 Fire: Hand crossbow     |    49 |   159 |     7 |       ||   215
       Arbalest          |       |       |    42 |   146 ||   188
Throw: Tomahawk          |       |     2 |    12 |     6 ||    20
 Abil: Heal Wounds       |       |     7 |    15 |     8 ||    30
       Evoke Berserk Rag |       |     1 |       |       ||     1
Evoke: Wand              |       |       |     9 |       ||     9
       Lightning rod     |       |       |       |     2 ||     2
  Use: Potion            |       |     1 |     2 |       ||     3
       Scroll            |       |     1 |    13 |     1 ||    15
 Stab: Sleeping          |       |     1 |       |       ||     1
       Paralysed         |       |       |    19 |       ||    19
  Eat: Chunk             |       |     8 |    10 |    10 ||    28
Armor: Leather armour    |     5 |    19 |       |       ||    24
       Chain mail        |       |    65 |   152 |   177 ||   394
Dodge: Dodged            |    28 |   110 |   156 |   187 ||   481
Block: Other             |       |       |       |    56 ||    56
       Reflection        |       |       |       |     2 ||     2

Table legend:
 A = Spawn XP
 B = Non-spawn XP
 C = Spawn XP percentage of total XP
 D = Spawn monster count
 E = Non-spawn monster count
 F = Spawn count percentage of total count
 G = Total turns spent on level
                    A         B        C        D         E        F      G
               +---------+---------+-------+---------+---------+-------+---------
         Total |       0 |   11074 |   0.0 |       0 |     247 |   0.0 |  8661
               +---------+---------+-------+---------+---------+-------+---------
           D:1 |       0 |      59 |   0.0 |       0 |      31 |   0.0 |   964
           D:2 |       0 |     160 |   0.0 |       0 |      28 |   0.0 |   603
           D:3 |       0 |     168 |   0.0 |       0 |      27 |   0.0 |   725
           D:4 |       0 |     430 |   0.0 |       0 |      21 |   0.0 |  1200
           D:5 |       0 |     323 |   0.0 |       0 |      17 |   0.0 |   785
           D:6 |       0 |    1109 |   0.0 |       0 |      21 |   0.0 |  1220
           D:7 |       0 |    3784 |   0.0 |       0 |      38 |   0.0 |  1067
           D:8 |       0 |    1893 |   0.0 |       0 |      20 |   0.0 |   964
           D:9 |       0 |    3009 |   0.0 |       0 |      42 |   0.0 |  1036
          D:10 |       0 |     139 |   0.0 |       0 |       2 |   0.0 |    26
               +---------+---------+-------+---------+---------+-------+---------
